 Dungeon Crawl Stone Soup version 0.29-a0-557-g43b9904bd1 (webtiles) character file.

Game seed: 4095032427685842045

532 siradein the Skirmisher (level 7, 0/76 HPs)
             Began as an Ogre Berserker on June 8, 2022.
             Was a Believer of Trog.
             Slain by a gnoll
             ... wielding a +0 spear
             ... led by a gnoll shaman
              (3 damage)
             ... on level 4 of the Dungeon.
             The game lasted 00:07:18 (4290 turns).

siradein the Skirmisher (Ogre Berserker)            Turns: 4290, Time: 00:07:19

Health: 0/76       AC:  3    Str: 24    XL:     7   Next: 24%
Magic:  7/7        EV: 10    Int:  8    God:    Trog [**....]
Gold:   151        SH:  0    Dex:  8    Spells: 6/6 levels left

rFire   . . .      SeeInvis .   k - +0 scythe
rCold   . . .      Faith    .   (shield currently unavailable)
rNeg    . . .      Spirit   .   b - +0 animal skin
rPois   .          Reflect  .   (helmet restricted)
rElec   .          Harm     .   (no cloak)
rCorr   .          Rampage  .   (gloves unavailable)
Will    .....                   (boots unavailable)
Stlth   +.........              (no amulet)
HPRegen 0.22/turn               (no ring)
MPRegen 0.10/turn               (no ring)

@: on berserk cooldown, slowed, very slow
A: large, unfitting armour, tough skin 1
a: Renounce Religion, Berserk, Trog's Hand


You were on level 4 of the Dungeon.
You worshipped Trog.
Trog was pleased with you.
You visited 1 branch of the dungeon, and saw 4 of its levels.

You collected 151 gold pieces.

Inventory:

Hand Weapons
 k - a +0 scythe (weapon)
Armour
 b - a +0 animal skin (worn)
Jewellery
 c - an amulet of magic regeneration
Wands
 r - a wand of iceblast (6)
Scrolls
 a - a scroll of blinking {unknown}
 h - a scroll of teleportation {unknown}
 i - 3 scrolls of fog {unknown}
 j - 2 scrolls of enchant weapon {unknown}
 l - 2 scrolls of identify {unknown}
 m - a scroll of vulnerability {unknown}
 o - 2 scrolls of poison {unknown}
 p - a scroll of fear {unknown}
Potions
 d - a potion of lignification {unknown}
 e - 2 potions of brilliance {unknown}
 f - 3 potions of flight {unknown}
 g - 2 potions of heal wounds
 n - 3 potions of curing {unknown}
 q - 2 potions of degeneration {unknown}
 s - a potion of ambrosia {unknown}


   Skills:
 + Level 6.9 Fighting
 + Level 5.2 Polearms
 + Level 4.7 Dodging


You had 6 spell levels left.
You didn't know any spells.
Your spell library was empty.

Dungeon Overview and Level Annotations

Branches:
Dungeon (4/15)
 Temple: D:4-7

Altars:
Wu Jian

Shops:
D:3 (


Innate Abilities, Weirdness & Mutations

You are too large for most types of armour.
You have tough skin. (AC +1)


Message History

The gnoll shaman hits you with a +0 whip!
You are too injured to fight recklessly!
You closely miss the gnoll shaman. The gnoll closely misses you.
The gnoll shaman hits you with a +0 whip!
The gnoll hits you but does no damage.
You slice the gnoll shaman!!
You kill the gnoll shaman!
Trog accepts your kill. The gnoll barely misses you.
The gnoll hits you from afar with a +0 spear.
The gnoll barely misses you.
The gnoll hits you from afar with a +0 spear!
* * * LOW HITPOINT WARNING * * *
Things that are here:
a +0 whip; a +0 robe; a ball python corpse You slice the gnoll!!
You kill the gnoll!
Trog accepts your kill.
You are no longer berserk.
You are exhausted.
You feel yourself slow down. The gnoll barely misses you.
The gnoll hits you with a +0 spear.
* * * LOW HITPOINT WARNING * * *
The gnoll barely misses you. The gnoll closely misses you.
There is an open door, spattered with blood here.
Things that are here:
a +0 spear; a gnoll corpse You hit the gnoll.
The gnoll is lightly wounded.
The gnoll hits you with a +0 spear.
* * * LOW HITPOINT WARNING * * *
The gnoll hits you with a +0 spear.
* * * LOW HITPOINT WARNING * * *
The gnoll hits you with a +0 spear.
* * * LOW HITPOINT WARNING * * *
Unknown command.
You barely miss the gnoll.
The gnoll is lightly wounded.
The gnoll hits you with a +0 spear.
You die...

####............#..............#
................#.#+#..........#
.#................#............##
....########.....................
....'......+.....................
#...########.....................
###........+............#.....#..
#..#######....g.......#........
#..#.........#@#'##...#.#.#....
#..#.#######.#)#.#....#.......#
#..#.#.....#.#.#.#.#..#...#...#
###..#'#'###.#.#.#.#+#...........
..........<#.#.#.#........#####..
...........#.#.#.#....#..........
...(.......#.#.#.#....#.....#...#
...........#.#)#.#....#.........#
...........#.#.#.#....+.....#.#.#


You could see a gnoll (fast).

Vanquished Creatures
  Sigmund (D:2)
  Menkaure (D:4)
  An orc priest (D:3)
  A gnoll shaman (D:4)
  An orc wizard (D:3)
  7 adders
  5 gnolls
  2 worms
  3 orcs (D:3)
  5 ball pythons
  9 endoplasms
  3 giant cockroaches
  7 goblins
  5 hobgoblins
  4 quokkas
  3 bats
  3 frilled lizards
  6 kobolds
  5 rats
72 creatures vanquished.

Notes
Turn   | Place    | Note
-------+----------+-------------------------------------------
     0 | D:1      | siradein the Ogre Berserker began the quest for the Orb.
     0 | D:1      | Reached XP level 1. HP: 24/24 MP: 1/1
   444 | D:1      | Reached XP level 2. HP: 32/32 MP: 2/2
  1148 | D:1      | Reached XP level 3. HP: 16/40 MP: 3/3
  1561 | D:2      | Reached XP level 4. HP: 49/49 MP: 4/4
  1629 | D:2      | Reached skill level 5 in Fighting
  1827 | D:2      | Noticed Sigmund
  1954 | D:2      | Killed Sigmund
  1955 | D:2      | Reached XP level 5. HP: 59/59 MP: 5/5
  1955 | D:2      | Reached XP level 6. HP: 67/67 MP: 6/6
  2008 | D:2      | Reached skill level 6 in Fighting
  2660 | D:3      | Found an ornate altar of the Wu Jian Council.
  2916 | D:3      | Reached ** piety under Trog
  3475 | D:3      | Found Yggecauh's Weapon Shoppe.
  3580 | D:4      | Noticed Menkaure
  3585 | D:4      | Killed Menkaure
  3586 | D:4      | Reached skill level 5 in Polearms
  3586 | D:4      | Reached XP level 7. HP: 76/76 MP: 7/7
  4289 | D:4      | HP: 2/76 [gnoll/+0 spear[a gnoll shaman] (3)]
  4290 | D:4      | Slain by a gnoll

Illustrated notes

Levels and vault maps discovered:
D:1:      dpeg_arrival_three_same_balls, layout_basic, corexii_hall_statues_l,
          minmay_misc_feat_alley, minmay_heptomino_l4
D:2:      layout_basic, hex_tiny, kennysheep_generic_room_10, uniq_sigmund
D:3:      layout_loops_ring, pdpol_wu_jian_five_deadly_venoms, serial_shops,
          shop, minmay_misc_feat_iff, minmay_misc_feat_encased
D:4:      layout_basic, grunt_temple_overflow_gold_and_silver,
          nrook_mini_vaults, hangedman_decor_lopped, uniq_menkaure

Skill      XL: |  1  2  3  4  5  6 |
---------------+-------------------+-----
Dodging        | 3 4 |  4.7
Fighting       | 5 6 |  6.9
Polearms       | 4 5 |  5.2

Action                   |  1- 3 |  4- 6 |  7- 9 || total
-------------------------+-------+-------+-------++-------
Melee: Spear             |   113 |    41 |       ||   154
       Scythe            |       |   110 |    39 ||   149
Invok: Berserk           |     2 |     2 |     1 ||     5
 Stab: Sleeping          |     3 |     1 |       ||     4
Armor: Animal skin       |    21 |    47 |    20 ||    88
Dodge: Dodged            |    44 |    81 |    36 ||   161

Table legend: (Time is in decaauts)
 A = Elapsed time spent in this place.
 B = Non-inter-level travel time spent in this place.
 C = Inter-level travel time spent in this place.
 D = Time resting spent in this place.
 E = Time spent auto-exploring this place.
 F = Levels seen in this place.
 G = Mean time per level.
                   A        B        C        D        E       F      G
               +--------+--------+--------+--------+--------+-----+--------+
         Total |   4432 |   4302 |    130 |    745 |   2771 |   4 | 1108.0 |
       Dungeon |   4432 |   4302 |    130 |    745 |   2771 |   4 | 1108.0 |
               +--------+--------+--------+--------+--------+-----+--------+

Top non-repeatable levels by time:
     D:3: 1389 daAuts
     D:1: 1369 daAuts
     D:2: 1079 daAuts
     D:4: 593 daAuts
